 Dungeon Crawl Stone Soup version 0.27-a0-1242-ge70438ac7b (webtiles) character file.

Game seed: 14634887767914810022

1 EnegeticOcto the Sneak (level 1, -6/20 HPs)
             Began as a Deep Dwarf Delver on June 9, 2021.
             Was an Initiate of Okawaru.
             Mangled by an iguana (9 damage)
             ... on level 5 of the Dungeon.
             The game lasted 00:01:04 (118 turns).

EnegeticOcto the Sneak (Deep Dwarf Delver)           Turns: 118, Time: 00:01:04

Health: -6/20      AC:  8    Str: 15    XL:     1   Next: 16%
Magic:  0/0        EV:  6    Int: 10    God:    Okawaru [......]
Gold:   32         SH:  0    Dex: 14    Spells: 0/0 levels left

rFire    . . .     SeeInvis .   a - +0 hand axe
rCold    . . .     Faith    .   (no shield)
rNeg     . . .     Spirit   .   j - +0 chain mail
rPois    .         Reflect  .   (no helmet)
rElec    .         Harm     .   (no cloak)
rCorr    .         Rampage  .   (no gloves)
Will     .....                  (no boots)
Stlth    ..........             (no amulet)
HPRegen  0.00/turn              (no ring)
MPRegen  0.07/turn              (no ring)

@: no status effects
A: damage resistance, heal wounds, sense surroundings 1, no regeneration
a: Heal Wounds, Renounce Religion


You were on level 5 of the Dungeon.
You worshipped Okawaru.
Okawaru was noncommittal.
You visited 2 branches of the dungeon, and saw 4 of its levels.

You collected 32 gold pieces.

Inventory:

Hand Weapons
 a - a +0 hand axe (weapon)
Armour
 b - a +0 leather armour
 j - a +0 chain mail (worn)
   (You found it on level 4 of the Dungeon)
Wands
 g - a wand of digging (3) {@v3}
Scrolls
 c - a scroll of fog {!r}
 d - a scroll of immolation {unknown}
 e - a scroll of fear {!r}
 h - a scroll of noise {unknown}
Potions
 f - a potion of haste {@q4 !q}
 i - a potion of degeneration {unknown}
 k - a potion of heal wounds {unknown}


   Skills:
 - Level 2.6 Fighting
 + Level 2.3 Axes
 - Level 2.1 Dodging
 - Level 6.0 Stealth


You couldn't memorise any spells.
You didn't know any spells.
Your spell library was empty.

Dungeon Overview and Level Annotations

Branches:
Dungeon (5/15)             Temple (1/1) D:4

Altars:
Ashenzari
Cheibriados
Dithmenos
Elyvilon
Hepliaklqana
Kikubaaqudgha
Makhleb
Nemelex Xobeh
Okawaru
Qazlal
Sif Muna
Trog
Vehumet
Wu Jian
Zin
The Shining One


Innate Abilities, Weirdness & Mutations

You are resistant to damage.
You can heal yourself by infusing magical energy.
You passively map a small area around you.
You do not regenerate.


Message History

Press ? for a list of commands and other information.
Found a scroll labelled MEDUGEUQEA.
Found a stone staircase leading down and a stone staircase leading up.
h - a scroll labelled MEDUGEUQEA
There is a stone staircase leading up here.
You climb upwards.
An endoplasm comes into view.
The endoplasm quivers.
Found 14 arrows.
There is a stone staircase leading down here.
Really read
d - a scroll of magic mapping {@r5 !r}?
As you read the scroll of magic mapping {@r5 !r}, it crumbles to dust.
You feel aware of your surroundings.
Found a scroll labelled QEKOR LUGI.
Found a leather armour.
The endoplasm jiggles.
Found 16 gold pieces.
The endoplasm jiggles.
You see here a scroll labelled QEKOR LUGI.
d - a scroll labelled QEKOR LUGI The endoplasm freezes you.
You are frozen.
You barely miss the endoplasm. The endoplasm closely misses you.
Found a bubbling clear potion.
Found 8 gold pieces.
Found a staircase to the Ecumenical Temple.
The endoplasm misses you. The endoplasm freezes you.
You are frozen.
You see here a bubbling clear potion.
i - a bubbling clear potion The endoplasm hits you but does no damage.
You hit the endoplasm.
You kill the endoplasm!
You now have 8 gold pieces.
Found an escape hatch in the ceiling.
A scorpion and a goblin come into view.
Found 10 gold pieces and a war axe.
There is a staircase to the Ecumenical Temple here.
You climb downwards.
Welcome to the Ecumenical Temple!
Found twelve altars.
There is a staircase back to the Dungeon here.
Found a stormy altar of Qazlal.
You don't know any spells.
There is a shadowy altar of Dithmenos here.
There is a shadowy altar of Dithmenos here.
Found a white marble altar of Elyvilon.
Found a burning altar of Makhleb.
There is an iron altar of Okawaru here.
You kneel at the altar of Okawaru.
Okawaru welcomes you!
There is a staircase back to the Dungeon here.
You can't go down here!
You climb upwards.
There is a staircase to the Ecumenical Temple here.
You now have 18 gold pieces (gained 10).
Found a chain mail.
Found 14 gold pieces.
Found a stone staircase leading down.
A dart slug comes into view.
Found a stone staircase leading up.
You see here a +0 chain mail.
j - a +0 chain mail You now have 32 gold pieces (gained 14).
There is a stone staircase leading up here.
You climb upwards.
Found a bubbling purple potion.
Found a stone staircase leading up.
There is a stone staircase leading down here.
k - a bubbling purple potion
There is a stone staircase leading down here.
You climb downwards.
There is a stone staircase leading up here.
You start removing your armour.
You continue taking off your +0 leather armour. x4
You finish taking off your +0 leather armour.
You start putting on your armour.
You continue putting on your +0 chain mail. x5
You finish putting on your +0 chain mail.
There is a stone staircase leading down here.
You climb downwards.
An iguana comes into view.
The iguana hisses angrily.
Found a gold wand.
Found a bloodstained altar of Trog.
Found a stone staircase leading down.
There is a stone staircase leading up here.
Found 16 poisoned darts.
Found a stone staircase leading down.
You hit the iguana but do no damage. The iguana bites you!
You closely miss the iguana. The iguana barely misses you.
Your magical essence is drained by the effort!
You feel much better. The iguana bites you!
You barely miss the iguana. The iguana bites you. The iguana barely misses you.
You hit the iguana.
The iguana is moderately wounded.
The iguana bites you!
* * * LOW HITPOINT WARNING * * *
You barely miss the iguana.
The iguana is moderately wounded.
The iguana bites you!
You die...

* , * ,, , *
.#.## , * , .....
.# , #./... * ..#
#...... , , ....
, ....... , *
#...., ......> ,
, #...# ###l#..#
,
,.#....##.@...#*,
, ...>.......#.#
, , * ,
*#.....<...# ,
........##.....,
,
,........#,......
, , ,, ,
........# ......
#........ #(....
##....._. ,#....
, #....... ,....
,


You could see an iguana.

Vanquished Creatures
  An endoplasm (D:4)
1 creature vanquished.

Notes
Turn   | Place    | Note
-------+----------+-------------------------------------------
     0 | D:5      | EnegeticOcto the Deep Dwarf Delver began the quest for the
                  | Orb.
     0 | D:5      | Reached XP level 1. HP: 20/20 MP: 1/1
    24 | D:4      | Found a staircase to the Ecumenical Temple.
    36 | D:4      | Noticed a scorpion
    45 | Temple   | Entered the Ecumenical Temple
    62 | Temple   | Became a worshipper of Warmaster Okawaru
   110 | D:5      | Found a bloodstained altar of Trog.
   110 | D:5      | Noticed an iguana
   115 | D:5      | Your magical essence is drained by the effort!
   118 | D:5      | Mangled by an iguana

Illustrated notes

Levels and vault maps discovered:
D:3:      lemuel_castle_with_subvaults [lemuel_castle_interior_original],
          layout_loops_ring, lemuel_round_altar
D:4:      layout_cave_pools, minmay_temple_entry_grid,
          ebering_ghost_reflecting_pool
D:5:      layout_cave_pools, grunt_temple_overflow_open
Temple:   nicolae_temple_x_marks_the_god

Action                   || total
-------------------------++-------
Melee: Hand axe          ||     7
 Abil: Heal Wounds       ||     1
  Use: Scroll            ||     1
Armor: Leather armour    ||     1
Dodge: Dodged            ||     4

Table legend: (Time is in decaauts)
 A = Elapsed time spent in this place.
 B = Non-inter-level travel time spent in this place.
 C = Inter-level travel time spent in this place.
 D = Time resting spent in this place.
 E = Time spent auto-exploring this place.
 F = Levels seen in this place.
 G = Mean time per level.
                   A        B        C        D        E       F      G
               +--------+--------+--------+--------+--------+-----+--------+
         Total |    119 |    119 |      0 |      0 |      0 |   4 |   29.8 |
       Dungeon |     98 |     98 |      0 |      0 |      0 |   3 |   32.7 |
        Temple |     21 |     21 |      0 |      0 |      0 |   1 |   21.0 |
               +--------+--------+--------+--------+--------+-----+--------+

Top non-repeatable levels by time:
     D:4: 76 daAuts
  Temple: 21 daAuts
     D:5: 15 daAuts
     D:3: 6 daAuts
